[Event "9th Sharjah Cup Women 2018"]
[Site "Sharjah"]
[Date "2018.12.20"]
[Round "9"]
[White "Mkrtchian, Lilit"]
[Black "Szczepkowska, Karina"]
[Result "1/2-1/2"]
[ECO "A05"]
[WhiteElo "2392"]
[BlackElo "2408"]
[Annotator "ChessBase"]
[PlyCount "62"]
[EventDate "2018.12.14"]
[EventType "swiss"]
[EventCountry "UAE"]
[SourceTitle "playchess.com"]
[Source "ChessBase"]
[SourceQuality "1"]
[TimeControl "5400+30"]

1. Nf3 Nf6 2. c4 e6 3. g3 d5 4. Bg2 d4 5. O-O c5 6. e3 Nc6 7. exd4 cxd4 8. d3 Bd6 9. Bg5 h6 10. Bxf6 Qxf6 11. Nbd2 Qe7 12. a3 a5 13. Ne4 Bc7 14. b4 axb4 15. axb4 Rxa1 16. Qxa1 f5 17. Nc5 O-O 18. Nxd4 Nxd4 19. Qxd4 b6 20. Nb3 Qxb4 21. Rb1 e5 22. Qd5+ Kh8 23. Qc6 Qd6 24. Qxd6 Bxd6 25. Bd5 g5 26. Kf1 Kg7 27. Ke2 Kf6 28. Nd2 Bc5 29. Nb3 Bd6 30. Nd2 Bc5 31. Nb3 Bd6 1/2-1/2

[Event "9th Sharjah Cup Women 2018"]
[Site "Sharjah"]
[Date "2018.12.20"]
[Round "9"]
[White "Gu, Xiaobing"]
[Black "Velikic, Adela"]
[Result "1-0"]
[ECO "B12"]
[WhiteElo "2295"]
[BlackElo "2298"]
[Annotator "NA"]
[PlyCount "61"]
[EventDate "2018.12.14"]
[EventType "swiss"]
[EventCountry "UAE"]
[SourceTitle "playchess.com"]
[Source "ChessBase"]
[SourceQuality "1"]
[TimeControl "5400+30"]

1. e4 c6 2. d4 d5 3. f3 e6 4. Nc3 Bb4 5. Bf4 Ne7 {[%emt 0:02:12] B12: Caro-Kann: Advance Variation} 6. Qd3 (6. Nge2 b6 7. a3 Bd6 8. Qd2 Ba6 9. O-O-O O-O 10. h4 Bxf4 11. Qxf4 Nd7 12. h5 h6 13. g4 {0-1 (50) Li,C (2714)-Vaibhav,S (2561) Dresden 2018}) 6... Nd7 7. O-O-O a5 $146 ({Predecessor:} 7... O-O 8. Nge2 Nb6 9. a3 Bd6 10. e5 Bc7 11. Bg5 Nd7 12. f4 b5 13. Ng3 {1-0 (36) McShane,L (2592)-Minasian,A (2555) Istanbul 2003}) 8. h4 b6 9. Nce2 Ba6 10. Qe3 $1 c5 11. a3 (11. c3 $11) 11... cxd4 12. Qxd4 e5 $1 13. Bxe5 {[%emt 0:00:06] [#]} Bc5 (13... Nc6 $1 $17 14. Qxd5 Ncxe5 15. axb4 axb4) 14. Qc3 Bxg1 $2 {[%emt 0:02:49] [#]} (14... b5 $1 $15 {stays ahead.} 15. Bd4 (15. exd5 $2 b4 $19) 15... b4) 15. Nxg1 $2 ({Worse is} 15. Rxg1 Rc8 $15) (15. Bc7 $1 $16 Be3+ 16. Kb1) 15... Bxf1 $1 16. exd5 ({Don't go for} 16. Rxf1 $2 Rc8 $19) 16... Rc8 17. Qe3 {[%emt 0:01:51] [#]} O-O $1 ({Not} 17... Bxg2 18. Rh2 $11) 18. Bxg7 Nf5 ({Weaker is} 18... Bxg2 19. Bxf8 Nf5 {[%mdl 64] Double Attack} 20. Qf4 $16) 19. Qf4 (19. Qf2 {keeps fighting.} Kxg7 20. g4) 19... Nxg7 20. Rxf1 Qf6 21. Ne2 Rfe8 22. Qd2 {[%emt 0:03:00] [#]} (22. Qxf6 $17 Nxf6 23. Nc3) 22... Nf5 ({Black should try} 22... b5 $1 $19 23. Re1 {[#]} b4 $1 24. axb4 axb4 25. Qxb4 Ra8) 23. Re1 Rxe2 (23... Rc4 $19 24. Nc3 Rxe1+ 25. Rxe1 Qxh4) 24. Qxe2 Nd4 {[%emt 0:01:20] Double Attack} 25. Qe7 Rxc2+ 26. Kb1 Qxe7 27. Rxe7 Rc7 28. d6 Rb7 29. Rc1 Nf5 30. Rc7 $18 Rxc7 31. Re8+ 1-0

[Event "9th Sharjah Cup Women 2018"]
[Site "Sharjah"]
[Date "2018.12.20"]
[Round "9"]
[White "Kulkarni Bhakti"]
[Black "Berke, Ana"]
[Result "1-0"]
[ECO "D31"]
[WhiteElo "2283"]
[BlackElo "2151"]
[Annotator "ChessBase"]
[PlyCount "151"]
[EventDate "2018.12.14"]
[EventType "swiss"]
[EventCountry "UAE"]
[SourceTitle "playchess.com"]
[Source "ChessBase"]
[SourceQuality "1"]
[TimeControl "5400+30"]

1. d4 d5 2. c4 e6 3. Nc3 a6 4. cxd5 exd5 5. Bf4 Nf6 6. e3 Bd6 7. Bg5 c6 8. Bd3 O-O 9. Qc2 h6 10. Bh4 Re8 11. Nf3 Be7 12. O-O Ne4 13. Bxe7 Qxe7 14. Bxe4 dxe4 15. Nd2 f5 16. Nc4 Nd7 17. Rfd1 Nf6 18. Nb6 Rb8 19. d5 cxd5 20. Ncxd5 Nxd5 21. Nxd5 Qf7 22. Nc7 Rf8 23. Qb3 Kh7 24. Qb6 Bd7 25. b3 Rfc8 26. Qd6 Rd8 27. Qd5 Qf6 28. Qd4 Qf7 29. Qb6 Rdc8 30. Nd5 Bc6 31. Nb4 Qf6 32. Rac1 Bb5 33. Qxf6 gxf6 34. h3 Kg7 35. Nd5 Kf7 36. Nb6 Rxc1 37. Rxc1 Bc6 38. Rd1 Ke6 39. Kf1 h5 40. h4 Bb5+ 41. Ke1 Bd3 42. Rc1 Rd8 43. Na4 Ke5 44. Rc7 Bb1 45. Rxb7 Rc8 46. Re7+ Kd6 47. Ra7 Rc1+ 48. Kd2 Rc2+ 49. Kd1 Rxf2 50. Rxa6+ Ke7 51. Nc3 Bd3 52. Nd5+ Kd8 53. Ra8+ Kd7 54. Nxf6+ Kc6 55. Nxh5 Rxg2 56. Nf4 Rh2 57. h5 Kc5 58. Ra5+ Kb4 59. Rxf5 Rxa2 60. h6 Kc3 61. Rc5+ Kxb3 62. h7 Rh2 63. Rh5 Be2+ 64. Ke1 Bxh5 65. h8=Q Rh1+ 66. Kf2 Bf3 67. Qg8+ Kc3 68. Qd5 Rh2+ 69. Kg3 Rh1 70. Qd4+ Kc2 71. Nd5 Rg1+ 72. Kf4 Rg4+ 73. Kf5 Rg2 74. Qc3+ Kd1 75. Nf6 Rc2 76. Qb3 1-0

[Event "9th Sharjah Cup Women 2018"]
[Site "Sharjah"]
[Date "2018.12.20"]
[Round "9"]
[White "Nguyen, Thi Mai Hung"]
[Black "Stetsko, Lanita"]
[Result "1-0"]
[ECO "A40"]
[WhiteElo "2280"]
[BlackElo "2194"]
[Annotator "NA"]
[PlyCount "89"]
[EventDate "2018.12.14"]
[EventType "swiss"]
[EventCountry "UAE"]
[SourceTitle "playchess.com"]
[Source "ChessBase"]
[SourceQuality "1"]
[TimeControl "5400+30"]

1. d4 g6 2. c4 Bg7 3. e4 e6 4. Nc3 Ne7 {[%emt 0:00:06] A40: Unusual replies to 1 d4} 5. Be3 d5 6. cxd5 exd5 7. e5 O-O $146 ({Predecessor:} 7... c5 8. Bb5+ Nbc6 9. Nge2 O-O 10. dxc5 Nxe5 11. O-O a6 12. Bd3 Nxd3 13. Qxd3 {1-0 (38) Jussupow,A (2585)-Skytte,R (2390) Tallinn 2016}) 8. f4 Nf5 9. Bf2 c5 10. dxc5 d4 11. Ne4 b6 12. g4 ({Better is} 12. Nf3 $14) 12... Bb7 (12... Ne3 $11 {remains equal.} 13. Bxe3 dxe3) 13. Bg2 Kh8 ({Don't go for} 13... Ne3 $2 14. Bxe3 bxc5 {[#]} 15. Nf6+ $1 Bxf6 16. Bxb7 $18) 14. gxf5 gxf5 15. Qxd4 bxc5 (15... Qxd4 $16 {keeps fighting.} 16. Bxd4 fxe4) 16. Qxd8 ({But not} 16. Nxc5 $2 Bxg2 17. Nf3 (17. Qxd8 $2 Rxd8 18. Ne2 Bxh1 $19) 17... Bxh1 $19) ({Much less strong is} 16. Qxc5 $6 Na6 $14) 16... Rxd8 17. Nd6 ({Not} 17. Bxc5 fxe4 18. Nh3 Nd7 $16) 17... Bxg2 18. Nxf7+ Kg8 19. Nxd8 Bxh1 20. Ne6 Na6 21. O-O-O Nb4 22. a3 ({Don't play} 22. Bxc5 Rc8 $18) 22... Nd5 23. Nh3 Bf3 24. Rd3 Bg4 25. Rxd5 Bxh3 26. Rd3 Bg4 27. Rg3 Bh6 28. h3 Kf7 29. hxg4 Kxe6 30. g5 Bg7 31. Rh3 Rh8 32. Bxc5 Kd5 33. Bxa7 Ke4 34. Be3 Rc8+ 35. Kb1 Bf8 36. Bc1 Rc7 37. b4 Kd4 38. Kb2 Rb7 39. Kb3 Rc7 40. Bd2 Rb7 41. a4 Ke4 42. a5 Rd7 43. Re3+ Kd4 44. e6 Rb7 $18 45. Re5 {[%emt 0:00:29] Kd5} 1-0

[Event "9th Sharjah Cup Women 2018"]
[Site "Sharjah"]
[Date "2018.12.20"]
[Round "9"]
[White "Zozulia, Anna"]
[Black "Bauyrzhan, Arnash"]
[Result "1/2-1/2"]
[ECO "A22"]
[WhiteElo "2270"]
[BlackElo "1978"]
[Annotator "NA"]
[PlyCount "61"]
[EventDate "2018.12.14"]
[EventType "swiss"]
[EventCountry "UAE"]
[SourceTitle "playchess.com"]
[Source "ChessBase"]
[SourceQuality "1"]
[TimeControl "5400+30"]

1. c4 e5 2. Nc3 Nf6 3. e3 d6 4. Nf3 {[%emt 0:03:25] A22: English Opening: 1...e5 2 Nc3 Nf6} g6 5. d4 exd4 (5... Qe7 6. g3 Bg7 7. Bg2 O-O 8. h3 c6 9. b3 e4 10. Nd2 d5 11. a4 {1-0 (23) Grischuk,A (2792)-Eljanov,P (2723) Dubai 2014}) 6. exd4 Bg7 7. Qe2+ Qe7 8. Qxe7+ Kxe7 9. Bg5 Re8 10. O-O-O Kf8 11. h3 $146 ({Predecessor:} 11. Bxf6 Bxf6 12. Nd5 {½-½ (27) Munoz Santana,D (1979)-Muslem,R Mallorca 2004}) 11... a5 12. Bd3 Na6 13. a3 Bd7 14. Kb1 Bc6 15. Rhe1 Bxf3 16. gxf3 Rxe1 17. Rxe1 Nh5 18. Nb5 Re8 19. Rxe8+ Kxe8 {[%emt 0:00:01] [#]} 20. Be4 $1 d5 21. cxd5 f5 22. Bd3 f4 23. d6 ({Better is} 23. h4 $16) 23... c6 24. d5 Kd7 25. dxc6+ bxc6 26. Nc7 Nxc7 27. dxc7 Kxc7 28. Be7 Bd4 29. Bc4 Nf6 $11 30. Kc2 Kd7 31. Bxf6 1/2-1/2

[Event "9th Sharjah Cup Women 2018"]
[Site "Sharjah"]
[Date "2018.12.20"]
[Round "9"]
[White "Enkhtuul, Altan-Ulzii"]
[Black "Kejzar, Petra"]
[Result "1-0"]
[ECO "A46"]
[WhiteElo "2267"]
[BlackElo "2062"]
[Annotator "ChessBase"]
[PlyCount "139"]
[EventDate "2018.12.14"]
[EventType "swiss"]
[EventCountry "UAE"]
[SourceTitle "playchess.com"]
[Source "ChessBase"]
[SourceQuality "1"]
[TimeControl "5400+30"]

1. d4 Nf6 2. Nf3 e6 3. g3 b5 4. Bg2 Bb7 5. Bg5 d5 6. O-O Nbd7 7. c3 Be7 8. Qb3 a6 9. Bxf6 Nxf6 10. a4 O-O 11. Nbd2 Qd6 12. axb5 axb5 13. Rxa8 Rxa8 14. Qxb5 Ba6 15. Qa4 Rb8 16. Ra1 Bxe2 17. b4 Nd7 18. Qa7 Qb6 19. Bf1 Bxf1 20. Nxf1 Bd6 21. Qa4 Qb5 22. Qxb5 Rxb5 23. Ne3 Rb8 24. Kf1 Nb6 25. Ke2 Ra8 26. Ra5 f6 27. Kd3 c6 28. Nd2 Kf7 29. Nb3 Ke7 30. f4 g6 31. Ng4 h5 32. Ne3 g5 33. Rxa8 Nxa8 34. f5 h4 35. gxh4 gxh4 36. h3 e5 37. Na5 e4+ 38. Ke2 Kd7 39. b5 Bf4 40. bxc6+ Kd6 41. Nc2 Nc7 42. Nb4 Bc1 43. Nb7+ Ke7 44. c4 dxc4 45. Nc2 Bf4 46. Na5 c3 47. Nc4 Nd5 48. Kf2 Kd8 49. N4e3 Bg3+ 50. Kf1 Nf4 51. Nd1 Nxh3 52. Nxc3 Ng5 53. Kg2 Kc7 54. d5 Be5 55. Nb5+ Kb6 56. Nba3 Kc5 57. Ne3 Kd4 58. Nac2+ Kc5 59. Ng4 h3+ 60. Kh1 Kd6 61. Nxe5 fxe5 62. f6 Nf7 63. Ne3 Kc7 64. Kh2 Nd6 65. Kxh3 Kd8 66. Kg4 Ke8 67. Nf5 Nf7 68. d6 Kd8 69. Kg3 Kc8 70. Ne7+ 1-0

[Event "9th Sharjah Cup Women 2018"]
[Site "Sharjah"]
[Date "2018.12.20"]
[Round "9"]
[White "Drljevic, Ljilja"]
[Black "Nass, Sara"]
[Result "1-0"]
[ECO "A00"]
[WhiteElo "2208"]
[BlackElo "1840"]
[Annotator "ChessBase"]
[PlyCount "65"]
[EventDate "2018.12.14"]
[EventType "swiss"]
[EventCountry "UAE"]
[SourceTitle "playchess.com"]
[Source "ChessBase"]
[SourceQuality "1"]
[TimeControl "5400+30"]

1. g3 e5 2. c4 d6 3. Bg2 g6 4. Nc3 Bg7 5. d3 Ne7 6. e4 O-O 7. Be3 Nbc6 8. Qd2 Nd4 9. h4 h5 10. O-O-O a6 11. f3 b5 12. g4 hxg4 13. h5 gxh5 14. Bh6 Ng6 15. Rxh5 Nf4 16. Bxf4 exf4 17. Qxf4 Qf6 18. Qxf6 Bxf6 19. Nd5 Bd8 20. Ne3 g3 21. Nh3 Kg7 22. Rh1 Rg8 23. Kd2 Be6 24. Ng5 Bxg5 25. Rxg5+ Kf6 26. Rgh5 Rab8 27. b3 Rg5 28. Rh6+ Ke7 29. f4 Rgg8 30. f5 Bd7 31. Nd5+ Kd8 32. Nf6 Rf8 33. Rh8 1-0

[Event "9th Sharjah Cup Women 2018"]
[Site "Sharjah"]
[Date "2018.12.20"]
[Round "9"]
[White "Abdulla, Khayala"]
[Black "Cornette, Deimante"]
[Result "1/2-1/2"]
[ECO "B22"]
[WhiteElo "2190"]
[BlackElo "2455"]
[Annotator "ChessBase"]
[PlyCount "96"]
[EventDate "2018.12.14"]
[EventType "swiss"]
[EventCountry "UAE"]
[SourceTitle "playchess.com"]
[Source "ChessBase"]
[SourceQuality "1"]
[TimeControl "5400+30"]

1. e4 c5 2. c3 Nf6 3. e5 Nd5 4. Nf3 Nc6 5. Bc4 Nb6 6. Bb3 c4 7. Bc2 d6 8. exd6 Qxd6 9. d4 cxd3 10. Qxd3 Qxd3 11. Bxd3 e5 12. O-O f6 13. a4 a6 14. Nbd2 Be6 15. a5 Nd5 16. Nc4 Rd8 17. Be2 Bc5 18. Ne1 O-O 19. Nc2 g5 20. g3 Kg7 21. N2e3 Nce7 22. Nxd5 Nxd5 23. Re1 Rh8 24. Bf1 h5 25. Ne3 h4 26. Bg2 h3 27. Bxd5 Bxd5 28. Nxd5 Rxd5 29. Kf1 Rd3 30. Ra4 Rhd8 31. Rc4 Ba7 32. Rc7+ R8d7 33. Rxd7+ Rxd7 34. Be3 Bxe3 35. Rxe3 Rd1+ 36. Re1 Rd2 37. Re2 Rd5 38. b4 g4 39. Ke1 Kf7 40. Re4 f5 41. Rc4 Rd7 42. Ke2 Ke6 43. Rc8 Kf6 44. Rc5 Ke6 45. Rc8 Kd5 46. Rc5+ Ke6 47. Rc8 Kd5 48. Rc5+ Ke6 1/2-1/2

[Event "9th Sharjah Cup Women 2018"]
[Site "Sharjah"]
[Date "2018.12.20"]
[Round "9"]
[White "Babayan, Armine"]
[Black "Greibrokk, Ingrid"]
[Result "1-0"]
[ECO "B07"]
[WhiteElo "2189"]
[BlackElo "1857"]
[Annotator "NA"]
[PlyCount "69"]
[EventDate "2018.12.14"]
[EventType "swiss"]
[EventCountry "UAE"]
[SourceTitle "playchess.com"]
[Source "ChessBase"]
[SourceQuality "1"]
[TimeControl "5400+30"]

1. e4 d6 2. d4 Nf6 3. Nc3 g6 4. Be2 Bg7 5. Be3 O-O 6. h4 h5 7. f3 {[%emt 0:00:37] B07: Pirc Defence: Miscellaneous Systems} (7. Qd2 c6 8. O-O-O b5 9. e5 dxe5 10. dxe5 Qxd2+ 11. Rxd2 b4 12. Na4 Nd5 13. Bf3 Nxe3 14. fxe3 Bxe5 {1-0 (46) Deniz,U (1820)-Atanasov,V Sofia 2018}) 7... e5 8. d5 c6 9. Qd2 cxd5 $146 ({Predecessor:} 9... c5 10. Nh3 a6 11. Bg5 Nbd7 12. g4 Qc7 13. Bh6 b5 14. Bxg7 Kxg7 15. gxh5 Nxh5 {0-1 (26) Wink,A-Teixeira,J Schleswig Holstein 1989}) 10. Nxd5 Nxd5 11. Qxd5 Bf6 12. O-O-O Bxh4 (12... Be6 $14 13. Qxb7 Nd7) 13. g4 ({Weaker is} 13. Qxd6 Qxd6 14. Rxd6 Be7 $11) 13... hxg4 14. fxg4 Bg5 15. Qd2 Bxe3 16. Qxe3 Qf6 17. Qh3 Qg7 18. Rxd6 Be6 19. Nf3 Nc6 20. Ng5 Nd4 21. Bd1 Rfd8 22. Rxd8+ Rxd8 23. c3 Nc6 24. Qf1 Rxd1+ 25. Qxd1 Qf6 26. Nxe6 Qxe6 27. Kb1 $18 Qc4 28. Qf3 b5 29. b3 Qe6 30. Qh3 Kf8 31. Qh8+ Ke7 32. g5 b4 33. cxb4 Nxb4 34. Rd1 Qb6 35. Qc8 1-0

[Event "9th Sharjah Cup Women 2018"]
[Site "Sharjah"]
[Date "2018.12.20"]
[Round "9"]
[White "Patil, Mitali"]
[Black "Khezrian, Nooralzahra"]
[Result "1-0"]
[ECO "C21"]
[WhiteElo "2081"]
[BlackElo "1317"]
[Annotator "NA RC"]
[PlyCount "31"]
[EventDate "2018.12.14"]
[EventType "swiss"]
[EventCountry "UAE"]
[SourceTitle "playchess.com"]
[Source "ChessBase"]
[SourceQuality "1"]
[TimeControl "5400+30"]

1. e4 e5 2. d4 exd4 3. c3 dxc3 4. Nxc3 Bb4 5. Bc4 Qe7 6. Qf3 Nf6 7. Kf1 Bxc3 ({Black should try} 7... Nc6 8. Bg5 Ne5) 8. Qxc3 Nc6 9. Bf4 d6 10. Nf3 O-O 11. Bg5 $17 Re8 12. Bf4 Rf8 13. Bg5 Re8 14. Bf4 Rf8 15. Bg5 Re8 16. Bf4 $1 1-0

[Event "9th Sharjah Cup Women 2018"]
[Site "Sharjah"]
[Date "2018.12.20"]
[Round "9"]
[White "Mezioud, Amina"]
[Black "Asatryan, Sona"]
[Result "1/2-1/2"]
[ECO "B10"]
[WhiteElo "2065"]
[BlackElo "2089"]
[Annotator "NA"]
[PlyCount "123"]
[EventDate "2018.12.14"]
[EventType "swiss"]
[EventCountry "UAE"]
[SourceTitle "playchess.com"]
[Source "ChessBase"]
[SourceQuality "1"]
[TimeControl "5400+30"]

1. e4 c6 2. d3 d5 3. Nd2 e5 4. Ngf3 Bd6 5. g3 Nf6 6. Bg2 O-O 7. O-O Be6 8. c3 Nbd7 {[%emt 0:05:13] B10: Caro-Kann: 2 d3 and 2 c4} 9. Ng5 (9. Re1 Re8 10. d4 Bg4 11. h3 Bxf3 12. Bxf3 Qc7 13. exd5 cxd5 14. Nf1 e4 15. Bg2 b5 16. Ne3 {1-0 (47) Moreira,C (1741)-Milde,L (1575) LSS email 2010}) 9... h6 10. Nxe6 fxe6 11. d4 $146 ({Predecessor:} 11. f4 b5 12. Qe2 a6 13. Nf3 Qc7 14. fxe5 Bxe5 15. d4 Bd6 16. e5 Bxe5 17. Nxe5 {1-0 (32) Radzhabov,R-Dovgalevskaya,O Kiev 2007}) 11... Qb6 12. dxe5 Nxe5 13. Nb3 Rae8 14. Be3 Qc7 15. exd5 exd5 16. Nd4 Qd7 17. Nf3 Nc4 18. Bc1 Ne4 19. Qc2 Qg4 20. Nd4 Qh5 21. b3 Ne5 22. h3 c5 23. g4 $2 (23. Qe2 Qf7 24. Nb5) 23... Nxg4 24. f4 cxd4 25. hxg4 Qxg4 26. cxd4 Bxf4 27. Bxf4 Rxf4 28. Rxf4 Qxf4 29. Re1 Rf8 $19 30. Qe2 Qg5 31. Qe3 Qxe3+ 32. Rxe3 Rf4 33. a4 Kf7 34. b4 Ke6 35. b5 Kd6 36. a5 Nd2 37. Rd3 Nc4 38. a6 bxa6 39. bxa6 Nb6 40. Rg3 Rf7 41. Rg6+ Kc7 42. Kh2 Rd7 43. Bh3 Re7 44. Bg2 Kd8 45. Kg3 Re3+ 46. Kf4 Ra3 47. Rxg7 Rxa6 48. Bf3 Nd7 49. Bxd5 Rd6 50. Ke4 Nf6+ 51. Ke5 Rxd5+ 52. Kxf6 a5 53. Ra7 h5 54. Ke6 Rxd4 55. Rxa5 h4 56. Rh5 Kc7 57. Ke5 Ra4 58. Rh6 Kd7 59. Kf5 Ke7 60. Kg5 Kf7 61. Rxh4 Rxh4 62. Kxh4 1/2-1/2

[Event "9th Sharjah Cup Women 2018"]
[Site "Sharjah"]
[Date "2018.12.20"]
[Round "9"]
[White "Samaganova, Alexandra"]
[Black "Gevorgyan, Irina"]
[Result "1/2-1/2"]
[ECO "A28"]
[WhiteElo "2038"]
[BlackElo "2301"]
[Annotator "NA"]
[PlyCount "69"]
[EventDate "2018.12.14"]
[EventType "swiss"]
[EventCountry "UAE"]
[SourceTitle "playchess.com"]
[Source "ChessBase"]
[SourceQuality "1"]
[TimeControl "5400+30"]

1. c4 e5 2. Nc3 Nf6 3. Nf3 Nc6 4. a3 g6 5. e3 Bg7 {[%emt 0:00:11] A28: English Opening: Four Knights Variation} 6. Be2 (6. d3 O-O 7. Be2 d5 8. cxd5 Nxd5 9. Bd2 a5 10. Rc1 Nde7 11. Ne4 h6 12. b4 axb4 13. axb4 {1-0 (74) Artemiev,V (2691)-Le,Q (2737) Huaian 2017}) 6... O-O 7. Qc2 Re8 8. d3 d5 9. cxd5 Nxd5 10. O-O a5 11. Rb1 h6 $146 ({Predecessor:} 11... b6 12. Nxd5 Qxd5 {0-1 (46) Horvath,C (2539)-Acs,P (2529) Balatonlelle 2002}) 12. Bd2 Nxc3 13. bxc3 a4 14. c4 Qe7 15. Bb4 Nxb4 16. Rxb4 b6 17. Nd2 Bd7 18. Ne4 Bf8 19. Qa2 (19. Bf3 $11) 19... Qd8 20. Rbb1 Bc6 21. Nc3 Bc5 22. Rfd1 Qg5 23. Bf1 Red8 24. Rd2 Qe7 25. Ra1 Kh7 26. Ne2 Qf6 27. Qb2 Kg7 28. d4 exd4 29. exd4 Bd6 30. Rad1 Re8 31. Qc3 h5 32. Rd3 $1 Be4 ({Better is} 32... Re7 $17 33. f4 Rd8) 33. Re3 Bc6 (33... Bb7 $17) 34. Red3 Be4 $11 35. Re3 1/2-1/2

[Event "9th Sharjah Cup Women 2018"]
[Site "Sharjah"]
[Date "2018.12.20"]
[Round "9"]
[White "Almaini, Aishah Sarhan"]
[Black "Soyunlu, Narmin"]
[Result "0-1"]
[ECO "E48"]
[WhiteElo "1614"]
[BlackElo "2078"]
[Annotator "NA"]
[PlyCount "74"]
[EventDate "2018.12.14"]
[EventType "swiss"]
[EventCountry "UAE"]
[SourceTitle "playchess.com"]
[Source "ChessBase"]
[SourceQuality "1"]
[TimeControl "5400+30"]

1. d4 Nf6 2. c4 e6 3. Nc3 Bb4 4. e3 O-O 5. Bd3 d5 6. Nge2 Nbd7 7. O-O c6 8. a3 Be7 9. Ng3 {[%emt 0:01:46] E48: Nimzo-Indian: Rubinstein: 5 Bd3 d5 including 6 Ne2, but excluding 6 a3} Qc7 $146 ({Predecessor:} 9... b6 10. e4 dxe4 11. Ngxe4 Bb7 12. Be3 c5 13. Nxf6+ Nxf6 14. Rc1 Rc8 15. dxc5 Bxc5 {0-1 (65) Adnani,M (2388)-Van Wely,L (2654) Rabat 2014}) 10. e4 dxe4 11. Ncxe4 Nxe4 12. Nxe4 Rd8 13. Qh5 Nf8 14. Ng5 Bxg5 15. Bxg5 Rxd4 16. Rad1 e5 17. f4 (17. Qe2 $15) 17... e4 18. Be2 Rxd1 19. Rxd1 Be6 20. f5 Bxf5 21. Be3 Bg6 22. Qg4 $19 Rd8 23. h4 Rxd1+ 24. Bxd1 f5 25. Qh3 f4 26. Bc5 Qe5 27. Bxa7 Qa5 28. Bf2 e3 29. Bxe3 Qe1+ 30. Kh2 fxe3 31. Bg4 h5 32. Be6+ Nxe6 33. Qxe6+ Kh7 34. Qe7 e2 35. b4 Qf2 36. b5 e1=Q 37. bxc6 Qg3# 0-1

[Event "9th Sharjah Cup Women 2018"]
[Site "Sharjah"]
[Date "2018.12.20"]
[Round "9"]
[White "Choksi, Khushi"]
[Black "Ovezdurdiyeva, Jemal"]
[Result "0-1"]
[ECO "B23"]
[WhiteElo "1589"]
[BlackElo "2114"]
[Annotator "NA"]
[PlyCount "72"]
[EventDate "2018.12.14"]
[EventType "swiss"]
[EventCountry "UAE"]
[SourceTitle "playchess.com"]
[Source "ChessBase"]
[SourceQuality "1"]
[TimeControl "5400+30"]

1. e4 c5 2. Nc3 d6 3. f4 e6 4. Nf3 Ne7 5. Bb5+ Nbc6 6. O-O a6 7. Bxc6+ Nxc6 8. d3 Be7 {[%emt 0:03:52] B23: Closed Sicilian: Lines without g3} 9. Kh1 b5 10. Qe1 O-O 11. Qg3 (11. Bd2 Bb7 12. Ne2 f5 13. Ng3 Qd7 14. c3 g6 15. Qe2 Bf6 16. Rae1 {1-0 (32) Salih,A (2320)-Ismael Namir,M (2239) Baghdad 2015}) 11... b4 12. Ne2 $146 ({Predecessor:} 12. Nd1 f5 13. b3 fxe4 14. Bb2 Bf6 15. dxe4 Bxb2 16. Nxb2 {½-½ (27) Bryant,R (2020)-Daugman,J (1992) England 2015}) 12... f5 13. e5 Bb7 14. Be3 Kh8 15. d4 dxe5 16. dxe5 Qd5 17. Qf2 Nd8 18. Rfd1 Qc6 19. c3 bxc3 20. Nxc3 Nf7 21. Rac1 Rad8 22. Ne2 Rxd1+ 23. Rxd1 Rd8 24. Rxd8+ Nxd8 25. Nc3 h6 26. Kg1 Nf7 27. h4 Nd8 28. Kf1 Ba8 $11 29. b3 Nb7 30. Na4 c4 31. Nb6 Na5 32. Nxa8 Qxa8 33. Nd4 cxb3 34. axb3 Qe4 35. Nxe6 Nxb3 36. g3 Qc4+ 0-1

[Event "9th Sharjah Cup Women 2018"]
[Site "Sharjah"]
[Date "2018.12.20"]
[Round "9"]
[White "Al-Hammadi, Maryam Hussein"]
[Black "Boshra, Alshaeby"]
[Result "0-1"]
[ECO "B27"]
[WhiteElo "1354"]
[BlackElo "2019"]
[Annotator "NA"]
[PlyCount "82"]
[EventDate "2018.12.14"]
[EventType "swiss"]
[EventCountry "UAE"]
[SourceTitle "playchess.com"]
[Source "ChessBase"]
[SourceQuality "1"]
[TimeControl "5400+30"]

1. e4 c5 2. Nf3 g6 3. d3 Bg7 4. g3 Nc6 5. Bg2 d6 6. Nbd2 e5 7. c3 Nge7 8. O-O O-O 9. a3 h6 {[%emt 0:00:56] A04: Unusual lines after 1 Nf3 and King's Indian Attack} 10. Ne1 (10. b4 Be6 11. Bb2 Qd7 12. d4 exd4 13. cxd4 Bg4 14. Qb3 Nxd4 15. Nxd4 cxd4 16. Nf3 Nc6 17. b5 Na5 18. Qb4 Bxf3 19. Bxf3 b6 {½-½ (35) Demidov,M (2521)-Andreikin,D (2708) Sochi 2017}) 10... Be6 11. f4 $146 ({Predecessor:} 11. b4 Qd7 12. Bb2 Rac8 13. Nc2 f5 14. f4 b6 15. b5 Nd8 16. c4 Kh7 17. a4 {1-0 (46) Soloviova,L (2296)-Sgircea,S (2261) Kazan 2013}) 11... Qd7 12. Qf3 b6 13. Nc2 ({White should play} 13. Nc4 $15) 13... d5 14. Ne3 {[%emt 0:15:05] [#]} d4 (14... exf4 $1 $17 15. exd5 Ne5) 15. f5 dxe3 16. fxe6 Qxe6 17. Qxe3 Rad8 18. Nf3 Qb3 19. Qe2 Qb5 20. Rd1 f5 21. Qf1 Qb3 22. Re1 Qc2 23. Rd1 (23. exf5 $11 {keeps the balance.} Nxf5 24. Qe2 Qxe2 25. Rxe2) 23... fxe4 24. Rd2 Qb3 25. dxe4 Rxd2 26. Bxd2 Qxb2 27. Qb1 Qxb1+ 28. Rxb1 Na5 29. Rd1 Rd8 $15 30. Bh3 Rd6 31. Rf1 Nec6 32. Bc1 Nb3 33. Bb2 Nca5 34. a4 Nc4 35. Bc1 Kh7 36. Kg2 Rd3 37. Ng1 Rxc3 38. Ne2 Rc2 39. Kf2 Nd4 40. Bg4 h5 41. Bf3 Nd6 0-1